 Dungeon Crawl Stone Soup version 0.24-a0-235-g3f03afcf10 (webtiles) character file.

Game seed: 3295017654102585355

86 Redear the Ducker (level 4, -6/22 HPs)
             Began as a Felid Fighter on Apr 8, 2019.
             Was an Initiate of Cheibriados.
             Killed from afar by a dart slug (7 damage)
             ... with a slug dart
             ... on level 3 of the Dungeon.
             The game lasted 00:09:04 (2931 turns).

Redear the Ducker (Felid Fighter)                   Turns: 2931, Time: 00:09:05

Health: -6/22      AC:  1    Str: 13    XL:     4   Next: 27%
Magic:  5/5        EV: 20    Int: 11    God:    Cheibriados [......]
Gold:   169        SH:  0    Dex: 16    Spells: 3/3 levels left
                                        Lives:  0   Deaths: 1

rFire    . . .     SeeInvis +     - Unarmed
rCold    . . .     Gourm    .   (shield unavailable)
rNeg     . . .     Faith    .   (armour unavailable)
rPois    .         Spirit   .   (helmet unavailable)
rElec    .         Reflect  .   (cloak unavailable)
rCorr    .         Harm     .   (gloves unavailable)
MR       .....                  (boots unavailable)
Stlth    +++.......             (no amulet)
HPRegen  0.07/turn              (no ring)
MPRegen  0.09/turn              (no ring)

@: slow
A: very small, no armour, no weapons or thrown items, stealth, claws 1, fangs 3,
see invisible, carnivore, speed 1, shaggy fur 1, slow metabolism 1, sharp paws
a: Bend Time, Renounce Religion


You were on level 3 of the Dungeon.
You worshipped Cheibriados.
Cheibriados was noncommittal.
You were full.

You visited 1 branch of the dungeon, and saw 4 of its levels.

You collected 169 gold pieces.

Inventory:

Jewellery
 g - an uncursed amulet of rage {unknown}
 p - an uncursed ring of wizardry {unknown}
Scrolls
 b - a scroll of noise {unknown}
 c - a scroll of enchant weapon {unknown}
 e - a scroll of enchant armour
 i - a scroll of magic mapping {unknown}
 k - a scroll of immolation {unknown}
 l - a scroll of amnesia {unknown}
 n - a scroll of fog {unknown}
 o - 4 scrolls of identify {unknown}
 N - 2 scrolls of remove curse
Potions
 a - 3 potions of might {Str+5 DMG+1d10 | @q3}
 m - 3 potions of lignification
Comestibles
 z - 11 rations


   Skills:
 + Level 3.8 Fighting
 + Level 5.1 Dodging
 + Level 3.2 Stealth
 + Level 4.7 Unarmed Combat


You had 3 spell levels left.
You didn't know any spells.
Your spell library was empty.

Dungeon Overview and Level Annotations

Branches:
Dungeon (4/15)
 Temple: D:4-7

Altars:
Cheibriados


Innate Abilities, Weirdness & Mutations

You cannot wear armour.
You are incapable of wielding weapons or throwing items.
Your paws allow you to move quietly. (Stealth)
You have sharp claws.
You have razor-sharp teeth.
You have supernaturally acute eyesight. (SInv)
You are carnivorous and can eat meat at any time.
You cover ground quickly.
You are covered in fur. (AC +1)
You have a slow metabolism.
Your sharp claws are effective at attacking unaware monsters.


Message History

The dart slug is lightly wounded.
The dart slug bites you.
* * * LOW HITPOINT WARNING * * *
You take 2 damage, and have 1/22 hp.
Unknown command.
Okay, then.
You completely miss the dart slug.
The dart slug is lightly wounded.
The dart slug completely misses you.
Unknown command.
Okay, then.
Okay, then.
You scratch the dart slug but do no damage.
The dart slug is lightly wounded.
Unknown command.
You claw the dart slug!
The dart slug is almost dead.
The dart slug launches a dart at you. The slug dart hits you!
You die...

#......# ######.####.###
#.............####
#.####.##.....#≈.≈ #.#
#.##.....#### #†#
#........).# #.#
####.#'#####
#)#######.#.######
#@wo..............
######################.#
#....# #.......#.#
#.##.# #.#####.#.#
#.##.#########.#...#.#.#
#.##...........#.#.#.#.#
#.############.#...#.#.#
#.#...........##.###.#..
#.#............#<....###


You could see a dart slug and an orc.

Vanquished Creatures
  A worker ant (D:3)
  Robin (D:2)
  5 adders
  A worm (D:2)
  4 dart slugs
  2 orcs
  2 hobgoblins
  3 jackals (D:2)
  A quokka (D:3)
  6 bats (D:1)
  6 frilled lizards
  14 goblins
  5 kobolds
  4 rats (D:1)
55 creatures vanquished.

Notes
Turn   | Place    | Note
-------+----------+-------------------------------------------
     0 | D:1      | Redear the Felid Fighter began the quest for the Orb.
     0 | D:1      | Reached XP level 1. HP: 10/10 MP: 2/2
   227 | D:1      | Reached skill level 1 in Stealth
   227 | D:1      | Reached XP level 2. HP: 4/14 MP: 3/3
  1399 | D:2      | Reached XP level 3. HP: 12/17 MP: 4/4
  1410 | D:2      | Reached skill level 2 in Stealth
  1424 | D:2      | Noticed Robin
  1472 | D:2      | Found a snail-covered altar of Cheibriados.
  1502 | D:2      | Became a worshipper of Cheibriados the Contemplative
  1516 | D:2      | Killed Robin
  1894 | D:3      | Reached XP level 4. HP: 21/21 MP: 5/5
  2461 | D:3      | Found a glowing drain.
  2812 | D:3      | HP: 2/22 [adder (1)]
  2813 | D:3      | Slain by an adder
  2814 | D:3      | Reached XP level 3. HP: -3/18 MP: 4/4
  2860 | D:3      | Reached skill level 5 in Dodging
  2898 | D:3      | Reached skill level 3 in Stealth
  2898 | D:3      | Reached XP level 4. HP: 21/22 MP: 5/5
  2928 | D:3      | HP: 1/22 [dart slug (2)]
  2931 | D:3      | Killed from afar by a dart slug

Levels and vault maps discovered:
D:1:      ebering_hopf_link, layout_loops_ring, serial_forest,
          infiniplex_forest_lined_corner, infiniplex_forest_corner_1,
          infiniplex_forest_straight_4, infiniplex_forest_side_room,
          infiniplex_forest_split, infiniplex_forest_corner_1,
          infiniplex_forest_lined_1, infiniplex_forest_end_1,
          minmay_misc_feat_four_crosses
D:2:      layout_basic, kennysheep_slug_shrine, first_ration,
          chequers_serial_rivers_marsh, uniq_robin
D:3:      layout_basic, portal_sewer_entry_d
D:4:      layout_rooms, grunt_gozag_breadcrumbs, doesnt_xom_only_xom,
          old_standard_altar, kennysheep_little_box

Skill      XL: |  1  2  3 |
---------------+----------+-----
Stealth        | 1 3 |  3.2
Dodging        | 5 |  5.1
Fighting       | |  3.8
Unarmed Combat | |  4.7

Action                   |  1- 3 |  4- 6 || total
-------------------------+-------+-------++-------
Melee: Unarmed           |    85 |    62 ||   147
       Bite              |     2 |     6 ||     8
       Punch             |       |     2 ||     2
  Use: Potion            |       |     7 ||     7
       Scroll            |       |     2 ||     2
 Stab: Sleeping          |     6 |     3 ||     9
  Eat: Chunk             |     3 |     2 ||     5
Armor: Skin              |     6 |    10 ||    16
Dodge: Dodged            |    53 |    66 ||   119

Table legend:
 A = Non-vault XP
 B = Vault XP
 C = Vault XP percentage of total XP
 D = Non-vault monster count
 E = Vault monster count
 F = Vault count percentage of total count
                 A         B        C        D         E       F
            +---------+---------+-------+---------+---------+-------
      Total |     156 |      49 |  23.9 |      42 |      13 |  23.6
            +---------+---------+-------+---------+---------+-------
        D:1 |      24 |       0 |   0.0 |      18 |       0 |   0.0
        D:2 |      33 |      36 |  52.2 |      10 |      12 |  54.5
        D:3 |      96 |      13 |  11.9 |      13 |       1 |   7.1
        D:4 |       3 |       0 |   0.0 |       1 |       0 |   0.0
            +---------+---------+-------+---------+---------+-------
